 Dungeon Crawl Stone Soup version 0.25.0-9-g26727b657a (webtiles) character file.

Game seed: 9774988405900863840

507 MisterFreud the Thaumaturge (level 7, 0/50 HPs)
             Began as a Gnoll Wanderer on June 21, 2020.
             Was an Initiate of Ashenzari.
             Slain by Pikel
             ... wielding a +2 whip of freezing
              (5 damage)
             ... in the Ecumenical Temple.
             The game lasted 00:10:56 (5015 turns).

MisterFreud the Thaumaturge (Gnoll Wanderer)        Turns: 5015, Time: 00:10:56

Health: 0/50       AC:  3    Str: 14    XL:     7   Next: 18%
Magic:  0/20       EV: 10    Int: 15    God:    Ashenzari [......]
Gold:   320        SH:  9    Dex: 16    Spells: 24/25 levels left

rFire    . . .     SeeInvis .   z - +2 dagger (venom) (curse)
rCold    . . .     Gourm    .   e - +0 kite shield (curse)
rNeg     . . .     Faith    .   d - +0 robe
rPois    +         Spirit   +   (no helmet)
rElec    .         Reflect  .   (no cloak)
rCorr    .         Harm     .   o - +0 pair of gloves (curse)
MR       .....                  (no boots)
Stlth    ++........             t - amulet of guardian spirit
HPRegen  0.16/turn              l - ring of poison resistance
MPRegen  0.17/turn              (no ring)

@: brilliant, stab
A: distributed training, fangs 1, strong nose
a: Curse Item, Renounce Religion


You were in the Ecumenical Temple.
You worshipped Ashenzari.
Ashenzari was noncommittal.
You were not hungry.

You visited 2 branches of the dungeon, and saw 5 of its levels.

You collected 320 gold pieces.

Inventory:

Hand Weapons
 z - a cursed +2 dagger of venom (weapon)
Missiles
 c - 167 stones (quivered)
 j - 36 sling bullets
 n - 13 arrows
 p - 8 silver boomerangs
Armour
 a - a +0 plate armour
 d - a +0 robe (worn)
 e - a cursed +0 kite shield (worn)
 o - a cursed +0 pair of gloves (worn)
Jewellery
 l - a ring of poison resistance (left hand)
 t - an amulet of guardian spirit (around neck)
Wands
 y - a wand of random effects (18)
Scrolls
 h - 8 scrolls of identify {unknown}
 m - a scroll of enchant armour {unknown}
 q - a scroll of remove curse
 r - 2 scrolls of teleportation {unknown}
 s - 2 scrolls of amnesia {unknown}
 u - 2 scrolls of fog {unknown}
 w - 2 scrolls of magic mapping {unknown}
 x - 4 scrolls of enchant weapon {unknown}
 D - a scroll of fear {unknown}
Potions
 i - a potion of might {unknown}
 A - a potion of stabbing
 B - a potion of resistance {unknown}
 C - a potion of lignification {unknown}
 E - a potion of mutation {unknown}
Comestibles
 f - 9 rations


   Skills:
 + Level 2.2 Fighting
 + Level 2.2 Short Blades
 + Level 2.2 Long Blades
 + Level 2.2 Axes
 + Level 2.2 Maces & Flails
 + Level 2.2 Polearms
 + Level 2.2 Staves
 + Level 2.2 Slings
 + Level 2.2 Bows
 + Level 2.2 Crossbows
 + Level 2.2 Throwing
 + Level 2.2 Armour
 + Level 2.2 Dodging
 + Level 2.2 Stealth
 + Level 3.4 Shields
 + Level 2.2 Unarmed Combat
 + Level 9.5 Spellcasting
 + Level 2.8 Conjurations
 + Level 1.8 Hexes
 + Level 1.8 Charms
 + Level 1.8 Summonings
 + Level 1.8 Necromancy
 + Level 1.8 Translocations
 + Level 1.8 Transmutations
 + Level 1.8 Fire Magic
 + Level 5.7 Ice Magic
 + Level 1.8 Air Magic
 + Level 1.8 Earth Magic
 + Level 1.8 Poison Magic
 + Level 2.5 Invocations
 + Level 3.4 Evocations


You had 24 spell levels left.
You knew the following spells:

 Your Spells              Type           Power        Failure   Level  Hunger
a - Sting                 Tmut/Pois      ###.         21%         1    None

Your spell library contained the following spells:

 Spells                   Type           Power        Failure   Level  Hunger
 Summon Small Mammal      Summ           ###.         21%         1    None
 Call Imp                 Summ           ###.....     30%         2    None
 Call Canine Familiar     Summ           ###.....     52%         3    None
 Ignite Poison            Fire/Tmut/Pois ###.....     52%         3    None
 Summon Guardian Golem    Hex/Summ       ###.....     52%         3    None
 Summon Ice Beast         Ice/Summ       ####....     67%         4    None
 Summon Lightning Spire   Summ/Air       ###.....     90%         4    None


Dungeon Overview and Level Annotations

Branches:
Dungeon (4/15)             Temple (1/1) D:4

Altars:
Ashenzari
Dithmenos
Fedhas
Gozag
Hepliaklqana
Makhleb
Okawaru
Qazlal
Ru
Sif Muna
Uskayaw
Wu Jian
Xom
Yredelemnul
Zin
The Shining One

Annotations:
D:4 1 runed translucent door, Enish's ghost, weakling DDFi
Temple Pikel


Innate Abilities, Weirdness & Mutations

Your experience applies equally to all skills.
You have very sharp teeth.
Your uncanny sense of smell can sniff out nearby items.


Message History

Unknown command.
Unknown command.
Unknown command.
Unknown command.
You feel better. Pikel closely misses you.
You closely miss Pikel.
Pikel is moderately wounded.
Pikel hits you with a +2 whip of freezing.
Pikel freezes you.
You hit Pikel.
Pikel looks as sick as possible!
Pikel is moderately wounded.
You block Pikel's attack.
Pikel zaps a wand.
The mass of ice explodes!
The iceblast engulfs you!
* * * LOW HITPOINT WARNING * * *
Okay, then.
Pikel closely misses you.
It was a potion of brilliance.
You feel clever all of a sudden.
Pikel hits you with a +2 whip of freezing!
You die...

#○○.○○☼.°°○○○...#
#°°○○°°○○☼○○○○°○#
#.○°_._._._._☼°°#
#°.○.........☼☼°#
#..._........°☼○#
#°○○.........°☼○#
#○.○_...<..._○○○#
#.°○.........☼○°#
#☼○○_.....K@_○○☼#
#°...........°°○#
#○○○_._._._._○°○#
#°☼○☼☼○°.☼○○☼○○☼#
#°°○○○○☼○☼○°○○°○#
#°○..○☼○°°°○○°○°#
##############


You could see Pikel (very poisoned).

Vanquished Creatures
  An orc warrior (D:4)
  2 slaves
  An orc priest (D:4)
  A hound (D:2)
  3 orc wizards
  An iguana (D:4)
  A worker ant (D:4)
  10 adders
  2 oozes
  An adder skeleton (D:4)
  5 worms
  4 dart slugs (D:2)
  4 leopard geckos
  10 orcs
  8 bats
  5 giant cockroaches
  7 goblins
  10 hobgoblins
  4 jackals
  6 kobolds
  2 quokkas
  A ball python (D:2)
  3 frilled lizards
  4 rats
96 creatures vanquished.

Notes
Turn   | Place    | Note
-------+----------+-------------------------------------------
     0 | D:1      | Reached skill level 9 in Spellcasting
     0 | D:1      | MisterFreud the Gnoll Wanderer began the quest for the Orb.
     0 | D:1      | MisterFreud set off with the following items: a +0 dagger,
                  | a +0 robe, a +0 kite shield, a ration; and the following
                  | spell memorised: Sting; and the following spells available
                  | to memorise: Ignite Poison
     0 | D:1      | Reached XP level 1. HP: 13/13 MP: 10/10
   625 | D:1      | Reached XP level 2. HP: 19/19 MP: 8/12
  1205 | D:1      | Reached XP level 3. HP: 17/25 MP: 9/13
  1556 | D:2      | Reached skill level 1 in Invocations
  1731 | D:2      | Reached skill level 1 in Fighting
  1731 | D:2      | Reached skill level 1 in Short Blades
  1731 | D:2      | Reached skill level 1 in Long Blades
  1731 | D:2      | Reached skill level 1 in Axes
  1731 | D:2      | Reached skill level 1 in Maces & Flails
  1731 | D:2      | Reached skill level 1 in Polearms
  1731 | D:2      | Reached skill level 1 in Staves
  1731 | D:2      | Reached skill level 1 in Slings
  1731 | D:2      | Reached skill level 1 in Bows
  1731 | D:2      | Reached skill level 1 in Crossbows
  1731 | D:2      | Reached skill level 1 in Throwing
  1731 | D:2      | Reached skill level 1 in Armour
  1731 | D:2      | Reached skill level 1 in Dodging
  1731 | D:2      | Reached skill level 1 in Stealth
  1731 | D:2      | Reached skill level 1 in Unarmed Combat
  1782 | D:2      | Reached XP level 4. HP: 30/32 MP: 11/15
  2058 | D:2      | Found an opulent altar of Gozag.
  2146 | D:2      | Reached skill level 1 in Hexes
  2146 | D:2      | Reached skill level 1 in Charms
  2146 | D:2      | Reached skill level 1 in Summonings
  2146 | D:2      | Reached skill level 1 in Necromancy
  2146 | D:2      | Reached skill level 1 in Translocations
  2146 | D:2      | Reached skill level 1 in Transmutations
  2146 | D:2      | Reached skill level 1 in Fire Magic
  2146 | D:2      | Reached skill level 1 in Air Magic
  2146 | D:2      | Reached skill level 1 in Earth Magic
  2146 | D:2      | Reached skill level 1 in Poison Magic
  2407 | D:2      | Reached XP level 5. HP: 27/37 MP: 1/16
  3749 | D:4      | Reached XP level 6. HP: 44/44 MP: 15/18
  3919 | D:4      | Found a runed translucent door.
  3920 | D:4      | Noticed Enish's ghost (weakling DDFi)
  3953 | D:4      | Found a staircase to the Ecumenical Temple.
  4041 | Temple   | Entered the Ecumenical Temple
  4048 | Temple   | Became a worshipper of Ashenzari the Shackled
  4071 | D:4      | Noticed a slave
  4073 | D:4      | Noticed Pikel
  4078 | D:4      | Noticed a slave
  4085 | D:4      | Noticed a slave
  4085 | D:4      | Killed a slave
  4085 | D:4      | Noticed a slave
  4165 | D:3      | Killed a slave
  4507 | D:4      | Noticed an orc warrior
  4524 | D:4      | Killed an orc warrior
  4524 | D:4      | Reached XP level 7. HP: 15/50 MP: 4/20
  5015 | Temple   | Slain by Pikel

Illustrated notes

Levels and vault maps discovered:
D:1:      dpeg_arrival_ternary, layout_basic
D:2:      layout_loops_ring, lemuel_coloured_pillars_altar
D:3:      layout_basic, minmay_joined_circles
D:4:      layout_basic, minmay_temple_entry_waves, ebering_ghost_sewer_d,
          first_ration, grunt_decor_fettered, guppyfry_early_orc_mine,
          uniq_pikel
Temple:   minmay_freezing_vapour_temple

Skill      XL: |  1  2  3  4  5  6 |
---------------+-------------------+-----
Spellcasting   | |  9.5
Conjurations   | 2 |  2.8
Invocations    | 1 2 |  2.5
Fighting       | 1 2 |  2.2
Short Blades   | 1 2 |  2.2
Long Blades    | 1 2 |  2.2
Axes           | 1 2 |  2.2
Maces & Flails | 1 2 |  2.2
Polearms       | 1 2 |  2.2
Staves         | 1 2 |  2.2
Slings         | 1 2 |  2.2
Bows           | 1 2 |  2.2
Crossbows      | 1 2 |  2.2
Throwing       | 1 2 |  2.2
Armour         | 1 2 |  2.2
Dodging        | 1 2 |  2.2
Stealth        | 1 2 |  2.2
Unarmed Combat | 1 2 |  2.2
Hexes          | 1 |  1.8
Charms         | 1 |  1.8
Summonings     | 1 |  1.8
Necromancy     | 1 |  1.8
Translocations | 1 |  1.8
Transmutations | 1 |  1.8
Fire Magic     | 1 |  1.8
Air Magic      | 1 |  1.8
Earth Magic    | 1 |  1.8
Poison Magic   | 1 |  1.8
Shields        | 3 |  3.4
Evocations     | 3 |  3.4
Ice Magic      | |  5.7

Action                   |  1- 3 |  4- 6 |  7- 9 || total
-------------------------+-------+-------+-------++-------
Melee: Dagger            |     2 |    54 |    26 ||    82
       Bite              |     3 |    15 |     4 ||    22
       Spear             |    37 |    53 |       ||    90
 Cast: Sting             |    35 |    94 |     5 ||   134
Invok: Curse Item        |       |     2 |       ||     2
  Use: Potion            |       |       |     4 ||     4
  Eat: Chunk             |     3 |     8 |     2 ||    13
Armor: Robe              |    31 |    24 |     5 ||    60
Dodge: Dodged            |    34 |    69 |     5 ||   108
Block: Kite shield       |    40 |    15 |    10 ||    65
